 Dungeon Crawl Stone Soup version 0.13-a0-2450-ga447c6a (webtiles) character file.

5577 JogiH the Conjurer (level 10, -4/83 HPs)
             Began as a Djinni Wizard on July 17, 2013.
             Was a Believer of Sif Muna.
             Hit by a stone thrown by an orc warrior (9 damage)
             ... on Level 9 of the Dungeon.
             The game lasted 00:51:03 (19089 turns).

JogiH the Conjurer (Djinni Wizard)                 Turns: 19089, Time: 00:51:03

HP  -4/83        AC  2     Str  7      XL: 10   Next: 34%
MP   0/0         EV 16     Int 23      God: Sif Muna [**....]
Gold 412         SH  0     Dex 11      Spells:  7 memorised, 16 levels left

Res.Fire  : + + +   See Invis. : .   G - +2,+0 whip (elec)
Res.Cold  : x . .   Warding    : .   a - +0 robe
Life Prot.: + + +   Conserve   : .   (no shield)
Res.Poison: .       Res.Corr.  : .   b - +0 wizard hat
Res.Elec. : .       Clarity    : .   (no cloak)
Sust.Abil.: . .     Spirit.Shd : .   (no gloves)
Res.Mut.  : .       Stasis     : .   (boots unavailable)
Res.Rott. : .       Flight     : .   (no amulet)
Saprovore : . . .                    I - ring of flight
                                     r - +4 ring of evasion

@: somewhat resistant to hostile enchantments, unstealthy
A: no striking features
a: Channel Energy, Forget Spell, Renounce Religion, Evoke Flight


You were on level 9 of the Dungeon.
You worshipped Sif Muna.
Sif Muna was most pleased with you.
You were not hungry.

You visited 2 branches of the dungeon, and saw 10 of its levels.

You collected 392 gold pieces.

Inventory:

Hand weapons
 p - a +3,+0 dwarven short sword
 y - a +2,+2 orcish dagger of holy wrath (quivered)
 G - a +2,+0 whip of electrocution (weapon)
 J - a +1,+2 orcish falchion of protection
 L - a +1,+0 orcish short sword of speed
 M - a -1,+2 orcish trident of dragon slaying
Armour
 a - a +0 robe (worn)
 b - a +0 wizard hat (worn)
 n - a +0 orcish leather armour of positive energy
Magical devices
 H - a wand of teleportation (4) {unknown}
 O - a wand of disintegration (16) {unknown}
Scrolls
 d - 12 scrolls of identify {unknown}
 e - 5 scrolls of remove curse {unknown}
 f - 2 scrolls of enchant armour {unknown}
 g - 3 scrolls of recharging {unknown}
 i - a scroll of fog {unknown}
 k - 2 scrolls of magic mapping {unknown}
 l - a scroll of random uselessness {unknown}
 m - 3 scrolls of curse jewellery {unknown}
 u - a scroll of curse armour {unknown}
 v - a scroll of blinking {unknown}
 w - 2 scrolls of noise {unknown}
 C - 2 scrolls of fear {unknown}
 D - a scroll of amnesia {unknown}
 E - a scroll of enchant weapon II {unknown}
Jewellery
 r - a +4 ring of evasion (left hand)
 I - a ring of flight (right hand)
Potions
 h - 7 potions of curing {unknown}
 j - 2 potions of mutation {unknown}
 o - a potion of agility {unknown}
 q - a potion of brilliance {unknown}
 s - 2 potions of poison {unknown}
 t - 2 potions of slowing {unknown}
 x - a potion of confusion {unknown}
 z - 3 potions of might {unknown}
 A - a potion of invisibility {unknown}
 B - a potion of magic {unknown}
 F - 2 potions of heal wounds {unknown}
 K - a potion of cure mutation {unknown}
Books
 c - a book of Minor Magic

   Spells                             Type                      Level
   *Magic Dart                        Conjuration                  1
   *Blink                             Translocation                2
   *Call Imp                          Summoning                    2
   *Repel Missiles                    Charms/Air                   2
   *Slow                              Hexes                        2
   *Conjure Flame                     Conjuration/Fire             3
   *Mephitic Cloud                    Conjuration/Poison/Air       3
 N - a book of Callings

   Spells                             Type                      Level
   Summon Small Mammal                Summoning                    1
   *Call Imp                          Summoning                    2
   Call Canine Familiar               Summoning                    3
   Summon Scorpions                   Summoning/Poison             4
   Summon Ice Beast                   Ice/Summoning                4


   Skills:
 - Level 1.7 Dodging
 - Level 1.5 Stealth
 + Level 11.2 Spellcasting
 * Level 11.5 Conjurations
 - Level 1.0 Hexes
 - Level 1.0 Charms
 - Level 3.0 Summonings
 - Level 2.0 Translocations
 - Level 1.0 Fire Magic
 - Level 1.0 Air Magic
 - Level 1.0 Poison Magic
 * Level 2.2 Invocations


You had 16 spell levels left.
You knew the following spells:

 Your Spells              Type           Power        Failure   Level  Hunger
a - Magic Dart            Conj           ####         1%          1    None
b - Blink                 Tloc           N/A          3%          2    None
c - Call Imp              Summ           ####......   2%          2    None
d - Conjure Flame         Conj/Fire      #####...     1%          3    None
e - Mephitic Cloud        Conj/Pois/Air  ####....     2%          3    None
f - Repel Missiles        Chrm/Air       ###.......   6%          2    None
g - Slow                  Hex            ###.....     6%          2    None


Dungeon Overview and Level Annotations

Branches:
Dungeon (9/27)             Temple (1/1) D:7
    Orc: D:6-11        Lair: D:8-13

Altars:
Ashenzari
Cheibriados
Fedhas
Makhleb
Okawaru
Sif Muna
Trog
Vehumet
Xom
Yredelemnul
the Shining One

Shops:
D:4: (

Annotations
D:3 Grinder


Message History

Aiming: Conjure Flame
Press: ? - help, Dir - move target cursor The fire roars!
The orc warrior throws a stone.
The stone misses you.
There is an open door here.
Casting: Conjure Flame
Confirm with . or Enter, or press ? or * to list all spells.
Aiming: Mephitic Cloud
Press: ? - help, Shift-Dir - straight line, f - orc warrior
Aim: an orc warrior, wielding an orcish hand axe and wearing an orcish plate armour The beam explodes into a vile cloud!
The stinking cloud engulfs the orc warrior.
The orc warrior is engulfed in noxious fumes.
Casting: Mephitic Cloud
Confirm with . or Enter, or press ? or * to list all spells.
Aiming: Conjure Flame
Press: ? - help, Dir - move target cursor, p - orc warrior The fire roars!
The orc warrior is engulfed in roaring flames.
The orc warrior throws a stone.
The stone hits you!
You die...

#........# ##'#######
#....## # ####..# ...
####'###### ....
#.........# .....
#.........#####.......
#.........#(§o§§......
+.........@.###.o.....
#.........### ..)..
#.........# ....
######+#### ... #


You could see an orc warrior.

Vanquished Creatures
  Pikel (D:6)
  Prince Ribbit (D:6)
  2 hippogriffs
  4 yaks (D:9)
  The ghost of Rycklaryybbe the Grave Robber, an average DDNe (D:4)
  A manticore (D:6)
  A necrophage (D:7)
  2 black bears
  2 orc warriors
  2 slaves (D:6)
  2 ice beasts
  2 sky beasts
  2 ogres
  A phantom (D:7)
  A centaur (D:9)
  6 giant frogs
  9 killer bees
  4 crimson imps
  A goliath beetle (D:8)
  5 orc priests
  6 orc wizards
  3 scorpions
  3 hounds
  7 worker ants
  4 iguanas
  2 jellies (D:5)
  An ogre zombie (D:7)
  A hound skeleton (D:5)
  7 adders
  A giant mite (D:7)
  5 worms
  2 iguana zombies
  An adder skeleton (D:5)
  35 orcs
  12 bats
  A bat zombie (D:6)
  10 giant cockroaches
  8 goblins
  12 hobgoblins
  4 jackals
  8 quokkas
  2 ball pythons
  7 giant geckos
  6 giant newts
  A giant spore (D:7)
  A goblin skeleton (D:4)
  9 kobolds
  A kobold zombie (D:8)
  An orc skeleton (D:5)
  An orc zombie (D:7)
  A quokka skeleton (D:4)
  13 rats
  2 ballistomycetes (D:7)
228 creatures vanquished.

Vanquished Creatures (collateral kills)
  An ogre (D:5)
  A crimson imp (D:5)
  A hound (D:4)
  An iguana (D:5)
  An adder (D:2)
  2 hobgoblins
  A jackal (D:3)
  2 kobolds
10 creatures vanquished.

Vanquished Creatures (others)
  A crimson imp (D:7)
  A worker ant (D:8)
  2 shadow imps
  2 white imps
  A hobgoblin (D:7)
  A quokka (D:9)
  A kobold (D:1)
  A rat (D:1)
10 creatures vanquished.

Grand Total: 248 creatures vanquished

Notes
Turn   | Place    | Note
--------------------------------------------------------------
     0 | D:1      | JogiH, the Djinni Wizard, began the quest for the Orb.
     0 | D:1      | Reached XP level 1. HP: 14/14 MP: 0/0
   226 | D:1      | Reached skill level 4 in Spellcasting
   259 | D:1      | Reached XP level 2. EP: 18/23
   298 | D:1      | Learned a level 2 spell: Blink
   301 | D:1      | Learned a level 2 spell: Call Imp
  1608 | D:2      | Found a shattered altar of Ashenzari.
  1608 | D:2      | Found a snail-covered altar of Cheibriados.
  2234 | D:2      | Reached XP level 3. EP: 23/29
  3252 | D:2      | Learned a level 3 spell: Conjure Flame
  3256 | D:2      | Learned a level 3 spell: Mephitic Cloud
  3867 | D:3      | Noticed Grinder
  3873 | D:3      | Paralysed by Grinder for 5 turns
  4426 | D:4      | Reached skill level 5 in Spellcasting
  4426 | D:4      | Reached XP level 4. EP: 2/38
  4836 | D:4      | Noticed Rycklaryybbe's ghost (average DDNe)
  4841 | D:4      | Killed Rycklaryybbe's ghost
  4841 | D:4      | Reached skill level 6 in Spellcasting
  4841 | D:4      | Reached XP level 5. EP: 21/45
  5014 | D:4      | Reached XP level 6. EP: 2/53
  5043 | D:5      | Entered Level 5 of the Dungeon
  5120 | D:5      | HP: 2/53 [orc/orcish mace (2)]
  5511 | D:4      | Found a shimmering altar of Xom.
  5515 | D:4      | Found a shimmering altar of Xom.
  5517 | D:4      | Found a shimmering altar of Xom.
  5757 | D:4      | Found Woacwon's Antique Weapon Shop.
  5761 | D:4      | Learned a level 2 spell: Repel Missiles
  5764 | D:4      | Learned a level 2 spell: Slow
  6950 | D:4      | Reached skill level 1 in Fire Magic
  7084 | D:4      | Reached skill level 1 in Air Magic
  8462 | D:5      | Reached XP level 7. EP: 37/60
  8539 | D:5      | Reached skill level 7 in Spellcasting
  8752 | D:5      | Reached skill level 5 in Conjurations
  9382 | D:5      | Reached skill level 1 in Charms
  9492 | D:5      | Found a bloodstained altar of Trog.
  9814 | D:5      | Reached skill level 1 in Hexes
 10494 | D:5      | Reached XP level 8. EP: 39/68
 10732 | D:6      | Noticed Prince Ribbit
 10804 | D:6      | Killed Prince Ribbit
 10804 | D:6      | Reached skill level 8 in Spellcasting
 10804 | D:6      | Reached skill level 1 in Poison Magic
 12862 | D:6      | Noticed Pikel
 12877 | D:6      | Killed Pikel
 12877 | D:6      | Reached skill level 9 in Spellcasting
 12877 | D:6      | Reached XP level 9. EP: 35/75
 13364 | D:6      | Found a shimmering altar of Xom.
 15091 | D:7      | Reached skill level 10 in Spellcasting
 15345 | D:7      | Found a staircase to the Ecumenical Temple.
 15350 | D:7      | Found a snail-covered altar of Cheibriados.
 15356 | Temple   | Entered the Ecumenical Temple
 15384 | Temple   | Became a worshipper of Sif Muna the Loreminder
 15585 | D:7      | Reached skill level 10 in Conjurations
 16206 | D:7      | Found a glowing golden altar of the Shining One.
 16786 | D:7      | Acquired Sif Muna's first power
 16906 | D:7      | Reached skill level 1 in Invocations
 17647 | D:8      | Reached XP level 10. EP: 63/82
 17777 | D:8      | Reached skill level 11 in Conjurations
 19066 | D:9      | Acquired Sif Muna's second power
 19089 | D:9      | Hit by a stone thrown by an orc warrior

Action                   |  1- 3 |  4- 6 |  7- 9 | 10-12 || total
-------------------------+-------+-------+-------+-------++-------
Melee: Unarmed           |     3 |       |       |       ||     3
       Short sword       |    18 |    33 |    43 |       ||    94
       Whip              |       |       |    30 |    21 ||    51
 Cast: Magic Dart        |   115 |   120 |   325 |    54 ||   614
       Call Imp          |    14 |     7 |     7 |     1 ||    29
       Conjure Flame     |     3 |    18 |    67 |    17 ||   105
       Mephitic Cloud    |       |    10 |    34 |     9 ||    53
       Blink             |       |       |     1 |     1 ||     2
       Repel Missiles    |       |       |       |     1 ||     1
 Stab: Confused          |       |       |     2 |       ||     2
